 Dungeon Crawl Stone Soup version 0.22-a0-480-g991dd4b (webtiles) character file.

432 CougarLife the Skirmisher (level 6, -1/63 HPs)
             Began as a Troll Fighter on June 14, 2018.
             Killed by divine providence
             ... invoked by an orc priest
              (12 damage)
             ... on level 5 of the Dungeon.
             The game lasted 00:05:23 (3185 turns).

CougarLife the Skirmisher (Troll Fighter)           Turns: 3185, Time: 00:05:24

Health: -1/63      AC:  5    Str: 25    XL:     6   Next: 67%
Magic:  5/5        EV:  9    Int:  6    God:
Gold:   239        SH:  9    Dex:  9    Spells: 5/5 levels left

rFire    . . .     SeeInvis .     - Unarmed
rCold    + . .     Gourm    +   b - +0 shield
rNeg     . . .     Faith    .   t - +0 robe {rC+}
rPois    .         Spirit   .   (helmet restricted)
rElec    .         Reflect  .   (no cloak)
rCorr    +         Harm     .   (gloves unavailable)
MR       .....                  (boots unavailable)
Stlth    +.........             j - amulet of regeneration
HPRegen  1.00/turn              r - ring of resist corrosion
MPRegen  0.09/turn              (no ring)

@: no status effects
A: large, unfitting armour, claws 3, fast metabolism 3, gourmand, regeneration
1, shaggy fur 1, tough skin 2
a: no special abilities


You were on level 5 of the Dungeon.
You were completely stuffed.

You visited 1 branch of the dungeon, and saw 5 of its levels.

You collected 239 gold pieces.

Inventory:

Armour
 b - a +0 shield (worn)
 t - a +0 robe of cold resistance (worn)
Jewellery
 j - an amulet of regeneration (around neck)
 r - a ring of resist corrosion (left claw)
Scrolls
 e - a scroll of enchant armour {unknown}
 f - a scroll of blinking {unknown}
 h - 2 scrolls of remove curse
 o - 4 scrolls of identify
 p - a scroll of teleportation {unknown}
 q - a scroll of amnesia {unknown}
 s - a scroll of noise {unknown}
Potions
 a - a potion of resistance {unknown}
 c - 2 potions of might
 g - 2 potions of flight {unknown}
 i - a potion of lignification {unknown}
 k - a potion of magic {unknown}
 l - a potion of degeneration {unknown}
 m - 3 potions of heal wounds {unknown}
 n - a potion of curing {unknown}
Comestibles
 d - 9 rations
 u - a chunk of flesh


   Skills:
 + Level 4.6 Fighting
 + Level 4.6 Dodging
 - Level 3.0 Shields
 - Level 2.0 Unarmed Combat


You had 5 spell levels left.
You didn't know any spells.
Your spell library was empty.

Dungeon Overview and Level Annotations

Branches:
Dungeon (5/15)
 Temple: D:4-7

Altars:
Ashenzari
Makhleb
Sif Muna
Uskayaw


Innate Abilities, Weirdness & Mutations

You are too large for most types of armour.
You have claws for hands.
Your metabolism is lightning-fast.
You like to eat raw meat.
Your natural rate of healing is unusually fast.
You are covered in fur. (AC +1)
You have very tough skin. (AC +2)


Message History

The orc priest invokes the aid of Beogh against you.
Beogh smites you!
* * * LOW HITPOINT WARNING * * *
The orc priest barely misses you.
The orc priest miscasts a cantrip.
The orc priest hits you with a morningstar.
* * * LOW HITPOINT WARNING * * *
The orc priest begins to cast a cantrip, but forgets the words!
The orc wizard casts a spell.
The orc wizard seems to speed up.
The orc priest begins to cast a cantrip, but forgets the words!
The orc priest calls down the wrath of Beogh upon you.
Beogh smites you!
* * * LOW HITPOINT WARNING * * *
You see here a hound skeleton.
The orc priest miscasts a cantrip.
The orc priest looks encouraged for a moment.
The orc priest invokes the aid of Beogh against you.
Beogh smites you!
You die...

.######o###o###..
####.######
#...oo....#
#.....รท...#
#.........#
#......o..#
#......o..#
###..##..##
#..##.@#
+....#....#
#....+....#
#....#....#
##..#####.. ###


You could see 2 orc priests, an orc wizard and an orc.

Vanquished Creatures
  Blork the orc (D:4)
  A crimson imp (D:4)
  An orc priest (D:4)
  2 hounds (D:5)
  2 orc wizards (D:4)
  Terence (D:3)
  4 adders
  2 oozes (D:1)
  2 adder skeletons (D:4)
  2 worms
  4 dart slugs
  5 leopard geckos
  13 orcs
  3 ball pythons
  7 bats
  2 giant cockroaches (D:1)
  8 hobgoblins
  2 quokkas (D:3)
  6 frilled lizards
  10 goblins
  8 kobolds
  6 rats
92 creatures vanquished.

Notes
Turn   | Place    | Note
-------+----------+-------------------------------------------
     0 | D:1      | CougarLife the Troll Fighter began the quest for the Orb.
     0 | D:1      | Reached XP level 1. HP: 22/22 MP: 0/0
   135 | D:1      | Reached XP level 2. HP: 29/29 MP: 1/1
   607 | D:1      | Reached XP level 3. HP: 29/36 MP: 2/2
   766 | D:2      | Found a faded altar of an unknown god.
   854 | D:2      | Noticed a dagger
   855 | D:2      | Found a hide-covered altar of Uskayaw.
   855 | D:2      | Noticed a hand axe
   996 | D:2      | Reached XP level 4. HP: 20/45 MP: 3/3
  1762 | D:3      | Noticed Terence
  1769 | D:3      | Killed Terence
  1769 | D:3      | Reached XP level 5. HP: 51/53 MP: 4/4
  2536 | D:4      | Noticed Blork the orc
  2545 | D:4      | Killed Blork the orc
  2609 | D:4      | Reached XP level 6. HP: 62/62 MP: 5/5
  2794 | D:4      | Found a deep blue altar of Sif Muna.
  2798 | D:4      | Found a burning altar of Makhleb.
  2803 | D:4      | Found a shattered altar of Ashenzari.
  3132 | D:5      | Entered Level 5 of the Dungeon
  3177 | D:5      | HP: 3/63 [orc priest/divine providence (15)]
  3185 | D:5      | Killed from afar by an orc priest

Vault maps used:
D:1:      kennysheep_arrival_forest, minmay_tall_x
D:2:      kennysheep_six_static_rooms, dancing_weapons_uskayaw,
          chequers_ecumenical_altar_simple
D:3:      uniq_terence
D:4:      gammafunk_temple_overflow_forgotten, first_ration, uniq_blork_the_orc
D:5:      minmay_temple_entry_trees

Skill      XL: |  1  2  3  4  5 |
---------------+----------------+-----
Shields        | 3 |  3.0
Dodging        | 3 4 |  4.6
Fighting       | 3 4 |  4.6
Unarmed Combat | |  2.0

Action                   |  1- 3 |  4- 6 || total
-------------------------+-------+-------++-------
Melee: Unarmed           |   110 |   202 ||   312
  Use: Scroll            |       |     4 ||     4
 Stab: Sleeping          |       |     1 ||     1
  Eat: Chunk             |    15 |    20 ||    35
Armor: Robe              |    29 |    59 ||    88
Dodge: Dodged            |    34 |    54 ||    88
Block: Shield            |    42 |    88 ||   130

Table legend:
 A = Spawn XP
 B = Non-spawn XP
 C = Spawn XP percentage of total XP
 D = Spawn monster count
 E = Non-spawn monster count
 F = Spawn count percentage of total count
 G = Total turns spent on level
                    A         B        C        D         E        F      G
               +---------+---------+-------+---------+---------+-------+---------
         Total |       0 |     618 |   0.0 |       0 |      92 |   0.0 |  3185
               +---------+---------+-------+---------+---------+-------+---------
           D:1 |       0 |      56 |   0.0 |       0 |      24 |   0.0 |   766
           D:2 |       0 |      78 |   0.0 |       0 |      23 |   0.0 |   810
           D:3 |       0 |     101 |   0.0 |       0 |      25 |   0.0 |   799
           D:4 |       0 |     300 |   0.0 |       0 |      18 |   0.0 |   757
           D:5 |       0 |      83 |   0.0 |       0 |       2 |   0.0 |    53
               +---------+---------+-------+---------+---------+-------+---------
